 Dungeon Crawl Stone Soup version 0.31-a0-1589-g8f5e8aebd6 (webtiles) character file.

Game seed: 4875619678903637490

1497 pokeman the Thaumaturge (level 8, 0/44 HPs)
             Began as a Deep Elf Hedge Wizard on Jan 5, 2024.
             Slain by a hound (5 damage)
             ... on level 6 of the Dungeon.
             The game lasted 00:13:42 (5870 turns).

pokeman the Thaumaturge (Deep Elf Hedge Wizard)     Turns: 5870, Time: 00:13:43

Health: 0/44       AC:  2    Str:  7    XL:     8   Next: 51%
Magic:  17/23      EV: 13    Int: 22    God:
Gold:   222        SH:  0    Dex: 14    Spells: 18/26 levels left

rFire   + . .        g - +2 dagger (venom)
rCold   + . .        (no shield)
rNeg    + . .        b - +0 robe
rPois   +            c - +0 hat
rElec   .            j - scarf {rC+ rF+}
rCorr   .            (no gloves)
SInv    .            (no boots)
Will    .....        (no amulet)
Stlth   ++           k - ring of positive energy
HPRegen 0.27/turn    t - ring of poison resistance
MPRegen 0.18/turn

%: no passive effects
@: no status effects
A: no striking features
a: no special abilities


You were on level 6 of the Dungeon.
You visited 2 branches of the dungeon, and saw 7 of its levels.
You also visited: Sewer.

You collected 222 gold pieces.

Inventory:

Hand Weapons
 g - a +2 dagger of venom (weapon)
Armour
 b - a +0 robe (worn)
 c - a +0 hat (worn)
 i - a +0 cloak
 j - a scarf of resistance (worn)
Magical Staves
 z - a staff of air
Jewellery
 k - a ring of positive energy (left hand)
 t - a ring of poison resistance (right hand)
Scrolls
 a - 8 scrolls of identify {unknown}
 e - a scroll of immolation {unknown}
 f - 2 scrolls of teleportation {unknown}
 h - 2 scrolls of amnesia {unknown}
 l - a scroll of poison {unknown}
 o - a scroll of brand weapon {unknown}
 v - a scroll of torment {unknown}
 y - 2 scrolls of enchant weapon {unknown}
Potions
 d - 2 potions of magic
 m - a potion of attraction {unknown}
 n - 2 potions of haste {unknown}
 p - 2 potions of heal wounds {unknown}
 q - 2 potions of might {unknown}
 r - 2 potions of invisibility {unknown}
 s - 2 potions of curing {unknown}
 u - a potion of berserk rage {unknown}
 w - 2 potions of mutation {unknown}
 x - a potion of lignification {unknown}


   Skills:
 - Level 2.0 Fighting
 + Level 2.7 Armour
 - Level 3.0 Dodging
 - Level 3.0 Stealth
 * Level 9.8 Spellcasting
 + Level 6.9 Conjurations
 - Level 1.1 Summonings
 - Level 1.1 Translocations
 - Level 1.0 Air Magic
 - Level 1.0 Alchemy


You had 18 spell levels left.
You knew the following spells:

 Your Spells              Type           Power      Damage    Failure   Level
a - Magic Dart            Conj           100%       1d8       1%          1
b - Mephitic Cloud        Conj/Alch/Air  24%        N/A       5%          3
c - Call Imp              Summ           30%        N/A       6%          2
d - Blink                 Tloc           30%        N/A       6%          2

Your spell library contained the following spells:

 Spells                   Type           Power      Damage    Failure   Level
 Slow                     Hex            40%        N/A       6%          1
 Cigotuvi's Dreadful Rot  Necr/Alch/Air  26%        N/A       7%          2
 Yara's Violent Unravell  Hex/Alch       6%         3d5       80%         5
 Conjure Ball Lightning   Conj/Air       14%        3x3d6     88%         6
 Sculpt Simulacrum        Ice/Alch       6%         N/A       100%        6
 Discord                  Hex            5%         N/A       100%        8
 Disjunction              Tloc           7%         N/A       100%        8


Dungeon Overview and Level Annotations

Branches:
Dungeon (6/15)             Temple (1/1) D:4           Sewer (visited)

Altars:
Ashenzari
Cheibriados
Elyvilon
Fedhas
Gozag
Hepliaklqana
Nemelex Xobeh
Qazlal
Ru
Sif Muna
Trog
Uskayaw
Xom
Yredelemnul
Zin
The Shining One


Message History

The iguana is heavily wounded.
The ufetubus is engulfed in noxious fumes.
The ufetubus appears confused.
Unknown command.
The ufetubus is engulfed in noxious fumes.
The ufetubus appears confused.
You hit the iguana but do no damage.
The iguana is severely wounded.
The iguana seems less confused.
The hound is engulfed in noxious fumes.
The hound appears confused.
The iguana completely misses you.
The hound is engulfed in noxious fumes.
The hound appears confused.
The iguana attacks as it pursues you! The iguana bites you!
* * * LOW HITPOINT WARNING * * *
Casting: Mephitic Cloud (dangerous; 5% risk of failure)
Confirm with . or Enter, or press ? or * to list all spells.
Aiming: Mephitic Cloud (dangerous; 5% risk of failure)
Press: ? - help, Shift-Dir - straight line, f/p - hound
Aim: a hound (severely wounded, confused, chance to affect: 86%)
The ball explodes into a vile cloud!
The stinking cloud engulfs the iguana.
The iguana is severely wounded.
The stinking cloud engulfs you.
The stinking cloud engulfs the ufetubus.
You hear a shout!
The ufetubus is engulfed in noxious fumes.
The ufetubus appears confused.
The iguana is engulfed in noxious fumes.
The iguana appears confused.
The iguana barely misses you.
The iguana bites itself!
The iguana is killed!
The hound is engulfed in noxious fumes.
The hound appears confused.
The hound is engulfed in noxious fumes.
The hound appears confused.
The hound is engulfed in noxious fumes.
The hound appears confused.
You open the door.
You hear the slow hiss of a very distant avalanche of sand.
The hound is engulfed in noxious fumes.
The hound appears confused.
There is an open door here.
Found 35 gold pieces.
The hound bites you.
You die...

.$..§ §..#....# #
$$.. ........# #
#...# #......# #
#°☼☼# #......# #
#○○○# #......# ##
§..# #......# #.
##...#####......# #.
#.###...5...5...####.
#...@h.○>............
#####..○°....##......
#...°....##......
#................
#.....##....##...
#.....##..>.##...
#####.##....##...
#.##.........
#.##.........


You could see a hound (confused) and an ufetubus (confused).

Vanquished Creatures
  Sigmund (D:2)
  A water moccasin (D:3)
  A centaur (D:6)
  4 ogres
  2 scorpions (D:5)
  A bombardier beetle (D:6)
  A jelly (D:5)
  A gnoll bouda (D:4)
  A hound (D:5)
  3 orc wizards
  3 iguanas
  10 gnolls
  8 adders
  4 river rats
  A white imp (D:5)
  An ufetubus (D:6)
  6 ribbon worms
  The ghost of pigah the Changeling, a weakling OpSh (D:3)
  11 orcs
  4 endoplasms
  A giant cockroach (D:4)
  8 goblins
  7 hobgoblins
  4 jackals
  11 kobolds
  2 quokkas (D:3)
  4 ball pythons
  2 bats
  4 frilled lizards
  7 rats
115 creatures vanquished.

Vanquished Creatures (collateral kills)
  An ice beast (D:5)
  A jackal (D:5)
2 creatures vanquished.

Grand Total: 117 creatures vanquished

Notes
Turn   | Place    | Note
-------+----------+-------------------------------------------
     0 | D:1      | pokeman the Deep Elf Hedge Wizard began the quest for the
                  | Orb.
     0 | D:1      | Reached XP level 1. HP: 10/10 MP: 7/7
   663 | D:1      | Reached XP level 2. HP: 16/16 MP: 7/9
  1208 | D:2      | Found a shimmering blue altar of Sif Muna.
  1214 | D:2      | Reached skill level 5 in Spellcasting
  1371 | D:2      | Reached XP level 3. HP: 20/20 MP: 7/11
  1375 | D:2      | Learned a level 3 spell: Mephitic Cloud
  1378 | D:2      | Learned a level 2 spell: Call Imp
  1381 | D:2      | Learned a level 2 spell: Blink
  1398 | D:2      | Reached skill level 1 in Fighting
  1398 | D:2      | Reached skill level 1 in Armour
  1497 | D:2      | Reached XP level 4. HP: 18/25 MP: 1/13
  1651 | D:2      | Noticed Sigmund
  1806 | D:2      | Killed Sigmund
  1807 | D:2      | Reached skill level 5 in Conjurations
  1807 | D:2      | Reached XP level 5. HP: 22/29 MP: 4/15
  2244 | D:3      | Reached XP level 6. HP: 34/34 MP: 5/16
  2408 | D:3      | Found a snail-covered altar of Cheibriados.
  2414 | D:3      | Reached skill level 6 in Spellcasting
  2679 | D:3      | Noticed a water moccasin
  2694 | D:3      | Killed a water moccasin
  2695 | D:3      | Reached skill level 1 in Air Magic
  2695 | D:3      | Reached skill level 1 in Alchemy
  2877 | D:3      | Found a large runed translucent door.
  2877 | D:3      | Found a large runed translucent door.
  2880 | D:3      | Noticed pigah's ghost (weakling OpSh)
  3151 | D:3      | Killed pigah's ghost
  3361 | D:4      | Reached XP level 7. HP: 38/38 MP: 12/19
  3368 | D:4      | Found a glowing drain.
  3375 | Sewer    | Entered a sewer
  3855 | D:4      | Reached skill level 7 in Spellcasting
  4206 | D:4      | Found a staircase to the Ecumenical Temple.
  4212 | Temple   | Entered the Ecumenical Temple
  4631 | D:5      | Entered Level 5 of the Dungeon
  4802 | D:5      | Found a sacrificial altar of Ru.
  4877 | D:5      | Reached skill level 8 in Spellcasting
  4976 | D:5      | Found an opulent altar of Gozag.
  5097 | D:5      | Got Sif Muna's Parchment of Forces and the Scorpion
  5225 | D:5      | Reached XP level 8. HP: 41/44 MP: 17/22
  5637 | D:6      | Reached skill level 9 in Spellcasting
  5816 | D:6      | Found a hazy altar of Hepliaklqana.
  5859 | D:6      | HP: 2/44 [iguana (9)]
  5870 | D:6      | Slain by a hound

Illustrated notes

Levels and vault maps discovered:
D:1:      saegor_arrival_simple_e, layout_basic
D:2:      layout_basic, basic_altar, grunt_ministairs_1,
          minmay_misc_feat_pillars, minmay_misc_feat_room, st_stairs_12,
          uniq_sigmund
D:3:      layout_loops_ring, mainiacjoe_overflow_brackets,
          ebering_ghost_disaster_area
D:4:      layout_basic, minmay_temple_entry_metal_lava,
          lightli_sewer_entry_pipes
D:5:      layout_loops_ring, mainiacjoe_overflow_concentric_impassable,
          nicolae_ru_sacrificial_ziggurat
D:6:      layout_basic, kennysheep_little_box, nicolae_ossuary_entry_giza,
          lemuel_flame_loot_1
Temple:   nicolae_temple_bog_church

Skill      XL: |  1  2  3  4  5  6  7  8 |
---------------+-------------------------+-----
Spellcasting   | 5 6 8 9 |  9.8
Fighting       | 1 2 |  2.0
Armour         | 1 2 |  2.7
Conjurations   | 2 5 6 |  6.9
Stealth        | 3 |  3.0
Dodging        | 3 |  3.0
Air Magic      | 1 |  1.0
Alchemy        | 1 |  1.0
Summonings     | |  1.1
Translocations | |  1.1

Action                     |  1- 3 |  4- 6 |  7- 9 || total
---------------------------+-------+-------+-------++-------
  Melee: Dagger            |    24 |    33 |   116 ||   173
         Punch             |       |     1 |     2 ||     3
   Cast: Magic Dart        |    40 |    69 |    57 ||   166
         Mephitic Cloud    |     4 |     9 |    18 ||    31
         Call Imp          |     1 |     2 |     1 ||     4
         Blink             |       |       |     3 ||     3
   Stab: Sleeping          |     1 |       |       ||     1
         Confused          |     1 |     2 |    12 ||    15
 Armour: Robe              |    15 |    12 |    55 ||    82
  Dodge: Dodged            |    12 |    26 |    71 ||   109

Table legend: (Time is in decaauts)
 A = Elapsed time spent in this place.
 B = Non-inter-level travel time spent in this place.
 C = Inter-level travel time spent in this place.
 D = Time resting spent in this place.
 E = Time spent auto-exploring this place.
 F = Levels seen in this place.
 G = Mean time per level.
                   A        B        C        D        E       F      G
               +--------+--------+--------+--------+--------+-----+--------+
         Total |   5956 |   5779 |    177 |    114 |   4558 |   8 |  744.5 |
       Dungeon |   5488 |   5311 |    177 |    114 |   4209 |   6 |  914.7 |
        Temple |      1 |      1 |      0 |      0 |      0 |   1 |    1.0 |
         Sewer |    466 |    466 |      0 |      0 |    348 |   1 |  466.0 |
               +--------+--------+--------+--------+--------+-----+--------+

Top non-repeatable levels by time:
     D:2: 1128 daAuts
     D:4: 1061 daAuts
     D:3: 1053 daAuts
     D:1: 1005 daAuts
     D:5: 977 daAuts
   Sewer: 466 daAuts
     D:6: 260 daAuts
  Temple: 1 daAuts
